Map: Galactic Process LE

Players

PtitDrogo

  • Race: Protoss Protoss
  • League: Master

Nerchio - Winner!

  • Race: Zerg Zerg
  • League: Master

Event: DreamHack ZOWIE Open Valencia 2016

VOD

Have the link to the VOD?

Description

Time

  • Played on: July 15, 2016, 8:38 a.m.
  • Length: 10:28

All games in this series

Show
View Real Time Build Order
Export as new Build Order

PtitDrogo Protoss 

Build Orders: 1 Gate Expand 

Get SALT Encoding   

  12  0:01  Probe (Chrono Boost)  
  13  0:11  Probe (Chrono Boost)  
  14  0:18  Pylon  
  14  0:22  Probe (Chrono Boost)  
  15  0:34  Assimilator  
  15  0:36  Probe (Chrono Boost)  
  15  0:41  Gateway  
  16  0:47  Probe (Chrono Boost)  
  16  0:49  Assimilator  
  17  0:57  Probe (Chrono Boost)  
  18  1:08  Probe (Chrono Boost)  
  19  1:25  Nexus  
  19  1:27  Probe (Chrono Boost)  
  20  1:36  Cybernetics Core  
  20  1:38  Probe (Chrono Boost)  
  21  1:43  Assimilator  
  21  1:49  Probe (Chrono Boost)  
  21  1:53  Pylon  
  22  1:59  Probe (Chrono Boost)  
  23  2:09  Adept  
  23  2:13  Probe (Chrono Boost)  
  23  2:14  Warp Gate  
  26  2:25  Probe (Chrono Boost)  
  26  2:27  Twilight Council  
  27  2:32  Adept  
  30  2:37  Probe x2 (Chrono Boost)  
  31  2:48  Probe (Chrono Boost)  
  31  2:49  Probe (Chrono Boost)  
  33  2:58  Probe (Chrono Boost)  
  33  2:59  Resonating Glaives  
  33  3:01  Probe (Chrono Boost)  
  33  3:10  Probe (Chrono Boost)  
  33  3:12  Probe (Chrono Boost)  
  35  3:22  Adept, Probe (Chrono Boost), Gateway x2  
  35  3:23  Probe (Chrono Boost)  
  39  3:30  Pylon  
  41  3:36  Pylon, Mothership Core (Chrono Boost)  
  42  3:43  Probe (Chrono Boost)  
  42  3:45  Stalker  
  42  3:55  Probe (Chrono Boost)  
  46  3:56  Probe (Chrono Boost)  
  46  4:07  Probe (Chrono Boost)  
  46  4:08  Probe (Chrono Boost)  
  48  4:15  Nexus  
  48  4:19  Probe (Chrono Boost)  
  48  4:20  Probe (Chrono Boost)  
  48  4:23  Adept x3  
  56  4:27  Pylon  
  57  4:31  Probe (Chrono Boost)  
  57  4:34  Probe (Chrono Boost)  
  58  4:43  Probe (Chrono Boost)  
  60  4:46  Assimilator, Probe (Chrono Boost)  
  60  4:48  Assimilator  
  60  4:55  Probe (Chrono Boost)  
  60  4:58  Probe (Chrono Boost)  
  62  5:04  Robotics Facility  
  62  5:05  Robotics Facility  
  63  5:07  Probe (Chrono Boost)  
  63  5:10  Probe (Chrono Boost)  
  64  5:15  Sentry x2  
  64  5:16  Sentry  
  64  5:19  Pylon  
  70  5:27  Blink  
  72  5:28  Probe x2 (Chrono Boost)  
  72  5:32  Probe (Chrono Boost)  
  73  5:39  Probe (Chrono Boost)  
  73  5:40  Forge, Probe (Chrono Boost)  
  75  5:43  Probe (Chrono Boost)  
  75  5:47  Stalker x3  
  82  5:50  Probe x2 (Chrono Boost)  
  82  5:52  Pylon  
  82  5:53  Probe (Chrono Boost), Immortal  
  82  5:55  Immortal  
  89  6:00  Protoss Ground Weapons Level 1  
  93  6:08  Phoenix  
  93  6:09  Pylon  
  93  6:11  Probe (Chrono Boost)  
  96  6:12  Probe x2 (Chrono Boost)  
  96  6:17  Pylon  
  96  6:23  Probe (Chrono Boost)  
  96  6:24  Probe x2 (Chrono Boost), Gateway  
  96  6:25  Gateway  
  99  6:26  Sentry, Gateway  
  99  6:28  Sentry  
  99  6:32  Warp Prism  
  103  6:36  Gateway  
  103  6:38  Gateway  
  105  6:42  Probe x2 (Chrono Boost), Assimilator  
  105  6:43  Assimilator  
  107  6:53  Stalker x3  
  113  6:58  Pylon, Probe (Chrono Boost)  
  114  7:06  Photon Cannon  
  114  7:11  Observer  
  114  7:15  Pylon  
  115  7:17  Pylon x3  
  115  7:22  Stalker x5  
  115  7:38  Immortal  
  115  7:41  Stalker x3  
  115  7:43  Immortal  
  121  7:46  Stalker x2  
  121  7:50  Sentry x2  
  117  8:04  Sentry  
  117  8:05  Adept x3  
  123  8:08  Pylon  
  123  8:11  Pylon  
  125  8:13  Stalker x4  
  122  8:30  Stalker  
  122  8:32  Stalker x3  
  127  8:38  Stalker x2  
  128  8:46  Sentry  
  128  8:49  Probe (Chrono Boost)  
  125  9:03  Probe x3 (Chrono Boost)  
  79  9:24  Robotics Bay  
  77  9:33  Adept x8  
  89  9:55  Stalker x2  
  89  9:56  Stalker x2  
  89  9:57  Zealot x3  
  61  10:19  Adept  
  62  10:24  Adept x4  
Show
View Real Time Build Order
Export as new Build Order

Nerchio Zerg - Winner!

Build Orders: Hatch First 

Get SALT Encoding   

  12  0:00  Drone  
  13  0:12  Overlord  
  13  0:17  Drone  
  14  0:31  Drone x2  
  14  0:34  Drone  
  17  0:54  Hatchery  
  17  0:56  Drone  
  17  0:59  Drone  
  18  1:04  Extractor  
  17  1:15  Spawning Pool  
  17  1:18  Drone  
  17  1:21  Drone  
  18  1:28  Drone  
  19  1:38  Overlord  
  19  1:50  Drone  
  20  2:01  Queen  
  20  2:05  Metabolic Boost, Queen  
  20  2:07  Zergling x2  
  25  2:11  Drone  
  25  2:14  Drone  
  27  2:17  Drone  
  27  2:22  Drone  
  29  2:28  Drone  
  30  2:32  Drone  
  31  2:45  Hatchery  
  31  2:46  Zergling x2  
  31  2:47  Zergling x2  
  31  2:48  Zergling x2  
  33  2:54  Zergling x2  
  34  3:00  Overlord  
  34  3:05  Drone  
  34  3:11  Overlord  
  34  3:12  Drone x2  
  36  3:18  Drone  
  36  3:19  Drone x4  
  40  3:25  Queen  
  42  3:29  Overlord  
  42  3:32  Drone  
  43  3:36  Queen  
  45  3:43  Overlord  
  45  3:47  Drone  
  46  3:49  Drone, Roach Warren  
  46  3:51  Drone  
  46  3:53  Drone  
  46  3:54  Drone  
  49  4:02  Lair  
  49  4:07  Zergling x8  
  53  4:21  Drone x4  
  53  4:22  Drone x4  
  61  4:27  Extractor, Overlord  
  61  4:28  Overlord  
  60  4:34  Roach x2  
  60  4:35  Roach  
  66  4:38  Overlord  
  66  4:51  Zergling x6  
  69  4:54  Drone x4  
  69  4:55  Drone x2  
  69  4:56  Drone  
  76  5:04  Drone x2  
  78  5:07  Drone  
  78  5:08  Extractor  
  78  5:09  Extractor  
  78  5:10  Drone, Extractor x2  
  78  5:11  Hydralisk Den  
  78  5:12  Drone  
  78  5:13  Drone  
  77  5:16  Drone x2  
  77  5:17  Drone  
  77  5:18  Overseer  
  77  5:20  Hatchery  
  79  5:25  Drone x5  
  84  5:29  Overlord  
  84  5:34  Drone x2  
  84  5:35  Evolution Chamber  
  85  5:39  Overlord  
  85  5:42  Drone, Spire  
  85  5:45  Drone x2  
  85  5:49  Drone x3  
  90  5:53  Overlord  
  90  5:54  Overlord  
  90  6:01  Roach x3  
  90  6:02  Glial Reconstitution  
  96  6:07  Overlord  
  96  6:13  Zerg Melee Weapons Level 1  
  96  6:17  Drone x3  
  98  6:34  Drone x2  
  98  6:35  Drone  
  98  6:37  Extractor x2, Overlord x2  
  99  6:49  Lurker Den  
  99  6:53  Mutalisk x8  
  115  6:55  Zergling x2  
  115  6:56  Zergling x20  
  126  7:04  Roach x3  
  126  7:05  Roach  
  134  7:09  Roach  
  134  7:10  Roach x2  
  134  7:14  Overlord x2  
  141  7:15  Roach  
  141  7:18  Roach  
  141  7:21  Overlord  
  143  7:24  Ravager  
  143  7:25  Overlord x2  
  144  7:36  Zergling x6  
  144  7:37  Zergling x10  
  135  7:38  Roach x3  
  135  7:39  Roach  
  135  7:43  Roach x2  
  137  7:48  Roach x4  
  137  7:50  Ravager x2  
  137  7:51  Ravager x3  
  150  7:54  Hydralisk x3  
  155  8:01  Zergling x2  
  155  8:02  Zergling x2  
  155  8:04  Zergling x2  
  155  8:05  Zergling x2  
  155  8:07  Infestation Pit  
  155  8:10  Zergling x2  
  155  8:17  Zergling x12  
  161  8:27  Zergling x2  
  161  8:28  Zergling x2  
  161  8:30  Zergling x12  
  161  8:33  Zergling x2  
  168  8:34  Lurker x3  
  168  8:36  Zergling x8  
  175  8:45  Zergling x12  
  179  8:58  Zergling x4  
  179  8:59  Overlord x4  
  179  9:02  Overlord x2  
  171  9:05  Overlord  
  168  9:12  Zergling x2  
  168  9:13  Zergling x8  
  168  9:14  Zergling x4  
  168  9:16  Zergling x2  
  157  9:23  Spire  
  152  9:28  Hydralisk x4  
  160  9:35  Pneumatized Carapace  
  160  9:37  Hydralisk  
  161  9:39  Hydralisk x2  
  161  9:40  Hydralisk  
  161  9:44  Hydralisk  
  167  9:50  Hydralisk x4  
  167  9:52  Hydralisk  
  165  9:54  Hydralisk  
  165  9:55  Hydralisk  
  165  9:59  Hydralisk  
  168  10:00  Hydralisk  
  168  10:05  Zergling x8  
  168  10:06  Zergling x2  
  168  10:10  Zergling x2  

Tags
 
Add a new tag
Caveats
  • Supply blocks, unpowered buildings, or Contaminate may cause inaccurate times.
  • Supply counts are checked every 10 seconds.